 Dungeon Crawl Stone Soup version 0.30-a0-12-gd8047c6341 (webtiles) character file.

Game seed: 522045681504913448

144 Flugkiller the Chopper (level 5, -2/47 HPs)
             Began as a Minotaur Fighter on Aug 23, 2022.
             Slain by Grinder (7 damage)
             ... while paralysed by Grinder
             ... on level 3 of the Dungeon.
             The game lasted 00:00:55 (2000 turns).

Flugkiller the Chopper (Minotaur Fighter)           Turns: 2000, Time: 00:00:55

Health: -2/47      AC:  7    Str: 20    XL:     5   Next: 5%
Magic:  4/4        EV:  2    Int:  5    God:
Gold:   225        SH:  0    Dex: 12    Spells: 4/4 levels left

rFire   . . .      SeeInvis .    a - +0 war axe
rCold   . . .      Faith    .    q - +0 buckler
rNeg    . . .      Spirit   .    b - +0 scale mail
rPois   .          Reflect  .    (helmet restricted)
rElec   .          Harm     .    (no cloak)
rCorr   .          Rampage  .    (no gloves)
Will    .....                    (no boots)
Stlth   ..........               (no amulet)
HPRegen 0.15/turn                (no ring)
MPRegen 0.09/turn                (no ring)

@: paralysed
A: horns 2, retaliatory headbutt
a: no special abilities


You were on level 3 of the Dungeon.
You visited 1 branch of the dungeon, and saw 3 of its levels.

You collected 225 gold pieces.

Inventory:

Hand Weapons
 a - a +0 war axe (weapon)
Armour
 b - a +0 scale mail (worn)
 q - a +0 buckler (worn)
Jewellery
 c - a ring of protection from cold
   (You found it on level 2 of the Dungeon)
 l - an amulet of the acrobat
   (You found it on level 1 of the Dungeon)
 o - a ring of ice
   (You found it on level 2 of the Dungeon)
Scrolls
 g - a scroll of summoning {unknown}
 h - 3 scrolls of silence {unknown}
 i - a scroll of noise {unknown}
 j - a scroll of poison {unknown}
 k - a scroll of identify {unknown}
 m - a scroll of enchant weapon {unknown}
 p - a scroll of amnesia {unknown}
 r - a scroll of acquirement {unknown}
 s - a scroll of immolation {unknown}
 t - 2 scrolls of magic mapping {unknown}
 u - a scroll of brand weapon {unknown}
 v - a scroll of vulnerability {unknown}
Potions
 d - a potion of might
 e - 4 potions of curing {unknown}
 f - a potion of mutation {unknown}
 n - 2 potions of degeneration {unknown}


   Skills:
 + Level 4.7 Fighting
 * Level 4.8 Axes
 + Level 4.6 Armour
 - Level 3.6 Shields


You had 4 spell levels left.
You didn't know any spells.
Your spell library was empty.

Dungeon Overview and Level Annotations

Branches:
Dungeon (3/15)

Altars:
Sif Muna
Vehumet
Zin

Annotations:
D:3 Grinder


Innate Abilities, Weirdness & Mutations

You have a pair of horns on your head.
You reflexively headbutt those who attack you in melee.


Message History

No target in view!
A ball python comes into view.
The ball python hisses angrily.
A ball python is nearby!
A ball python is nearby!
A ball python is nearby!
You see here a scroll labelled TACULESHON.
You hit the ball python.
You kill the ball python!
No target in view!
No target in view!
No target in view!
No target in view!
No target in view!
No target in view!
t - 2 scrolls labelled TACULESHON (gained 1)
You see here a ball python corpse.
There is an escape hatch in the ceiling here.
u - a scroll labelled FORPHE SEVE
v - a scroll labelled YPSEBURIURO You open the large door.
Found a shimmering blue altar of Sif Muna and a glowing silver altar of Zin.
There is a large open door here.
There is a large open door here.
A ball python comes into view.
The ball python hisses angrily.
A kobold comes into view. It is wielding a +0 whip.
The kobold shouts!
The ball python closely misses you. You furiously retaliate!
You headbutt the ball python.
You kill the ball python!
The kobold hits you with a +0 whip.
You hit the kobold but do no damage. The kobold barely misses you.
You furiously retaliate!
You headbutt the kobold. You slash the kobold!
You kill the kobold!
No target in view!
No target in view!
No target in view!
No target in view!
No target in view!
No target in view!
Things that are here:
a +0 whip; a kobold corpse
Things that are here:
a +0 whip; a kobold corpse Grinder comes into view.
Grinder shouts!
You see here a ball python corpse.
Grinder is nearby!
Grinder is nearby!
An adder comes into view.
The adder hisses angrily.
Found a glowing whip.
Grinder hits you.
You writhe in agony.
You slash Grinder! Your headbutt misses Grinder.
Grinder is moderately wounded.
You barely miss the adder. The adder barely misses you.
Grinder barely misses you.
You barely miss Grinder.
Grinder is moderately wounded.
You closely miss the adder. The adder bites you. Grinder hits you.
You writhe in agony.
The adder closely misses you.
You slash Grinder!
Grinder is severely wounded.
You hit the adder. The adder barely misses you.
Grinder hits you but does no damage. You block the adder's attack.
Grinder hits you.
You writhe in agony.
You closely miss Grinder. You headbutt Grinder.
Grinder is severely wounded.
You hit the adder. You block the adder's attack. Grinder hits you.
* * * LOW HITPOINT WARNING * * *
You writhe in agony.
* * * LOW HITPOINT WARNING * * *
The adder completely misses you.
You are too injured to fight recklessly!
Unknown command.
You barely miss Grinder.
Grinder is severely wounded.
You slash the adder!
You kill the adder!
Grinder closely misses you.
You have reached level 5!
You hit Grinder.
Grinder is almost dead.
Grinder says, "You look like you could use a good racking."
Grinder hits you.
* * * LOW HITPOINT WARNING * * *
Unknown command.
You barely miss Grinder. Your headbutt misses Grinder.
Grinder is almost dead.
Grinder closely misses you. Grinder hits you.
* * * LOW HITPOINT WARNING * * *
Unknown command.
You closely miss Grinder.
Grinder is almost dead.
Grinder gestures at you.
You suddenly lose the ability to move!
Grinder hits you but does no damage. Grinder hits you!
You die...

###.......######..######.
..................## #.
....####..###...####
####. ....
##..........###.... ...
####...###.##..... .
##...........).
####..####.÷...).
###..†...####......
#5@.####.....#...).
#....†### #####.....).
......) ...........>
####### ######......
............ ............
###..###...# #.# ##÷..
... #...


You could see Grinder.

Vanquished Creatures
  3 gnolls (D:3)
  4 adders
  A worm (D:2)
  A dart slug (D:2)
  2 orcs
  9 bats
  6 endoplasms
  3 giant cockroaches
  5 goblins
  5 hobgoblins
  4 jackals (D:3)
  2 quokkas
  9 ball pythons
  4 frilled lizards
  7 kobolds
  4 rats
69 creatures vanquished.

Notes
Turn   | Place    | Note
-------+----------+-------------------------------------------
     0 | D:1      | Flugkiller the Minotaur Fighter began the quest for the
                  | Orb.
     0 | D:1      | Reached XP level 1. HP: 19/19 MP: 0/0
   149 | D:1      | Found a faded altar of an unknown god.
   168 | D:1      | Reached XP level 2. HP: 25/27 MP: 1/1
   637 | D:2      | Reached XP level 3. HP: 33/33 MP: 2/2
   839 | D:2      | Found a radiant altar of Vehumet.
  1154 | D:2      | Reached XP level 4. HP: 32/41 MP: 3/3
  1444 | D:3      | Identified the +1 helmet of the Pirate {rC++ rN++ Int-2}
  1898 | D:3      | Found a shimmering blue altar of Sif Muna.
  1898 | D:3      | Found a glowing silver altar of Zin.
  1987 | D:3      | Noticed Grinder
  1996 | D:3      | Reached XP level 5. HP: 12/47 MP: 4/4
  1998 | D:3      | Paralysed by Grinder for 4 turns
  2000 | D:3      | Slain by Grinder

Illustrated notes

Levels and vault maps discovered:
D:1:      tarquinn_simple_flora_water_e, layout_rooms,
          dreamdust_ecumenical_altar_statues
D:2:      layout_loops_ring, basic_altar, kennysheep_another_room,
          minmay_liquid_box
D:3:      layout_rooms, nemelex_dance_club_becter,
          gammafunk_temple_overflow_wave, uniq_grinder

Skill      XL: |  1  2  3 |
---------------+----------+-----
Axes           | 3 4 |  4.8
Fighting       | 4 |  4.7
Armour         | 4 |  4.6
Shields        | |  3.6

Action                   |  1- 3 |  4- 6 || total
-------------------------+-------+-------++-------
Melee: War axe           |    87 |    49 ||   136
       Headbutt          |     8 |     8 ||    16
Armor: Scale mail        |    35 |    18 ||    53
Dodge: Dodged            |    65 |    24 ||    89
Block: Buckler           |    20 |    13 ||    33

Table legend: (Time is in decaauts)
 A = Elapsed time spent in this place.
 B = Non-inter-level travel time spent in this place.
 C = Inter-level travel time spent in this place.
 D = Time resting spent in this place.
 E = Time spent auto-exploring this place.
 F = Levels seen in this place.
 G = Mean time per level.
                   A        B        C        D        E       F      G
               +--------+--------+--------+--------+--------+-----+--------+
         Total |   2046 |   1995 |     51 |      0 |   1616 |   3 |  682.0 |
       Dungeon |   2046 |   1995 |     51 |      0 |   1616 |   3 |  682.0 |
               +--------+--------+--------+--------+--------+-----+--------+

Top non-repeatable levels by time:
     D:2: 830 daAuts
     D:1: 639 daAuts
     D:3: 576 daAuts
